 Dungeon Crawl Stone Soup version 0.31-a0-187-gba352fbbf7 (webtiles) character file.

Game seed: 5117490903991528622

30 qw the Shooter (level 3, -1/20 HPs)
             Began as a Deep Elf Hunter on June 22, 2023.
             Slain by an orc
             ... wielding a +0 hand axe
              (2 damage)
             ... on level 4 of the Dungeon.
             The game lasted 00:00:17 (667 turns).

qw the Shooter (Deep Elf Hunter)                     Turns: 667, Time: 00:00:17

Health: -1/20      AC:  5    Str: 10    XL:     3   Next: 5%
Magic:  5/5        EV: 11    Int: 13    God:
Gold:   80         SH:  0    Dex: 18    Spells: 2/2 levels left

rFire   . . .        Y - +0 shortbow (flame)
rCold   + . .        (shield currently unavailable)
rNeg    . . .        d - +0 ring mail
rPois   +            (no helmet)
rElec   .            (no cloak)
rCorr   .            (no gloves)
SInv    .            (no boots)
Will    .....        (no amulet)
Stlth   +            h - ring of protection from cold
HPRegen 0.23/turn    i - ring of poison resistance
MPRegen 0.09/turn

%: no passive effects
@: no status effects
A: no striking features
a: no special abilities


You were on level 4 of the Dungeon.
You visited 1 branch of the dungeon, and saw 3 of its levels.

You collected 80 gold pieces.


   Skills:
 - Level 1.5 Fighting
 + Level 6.6 Ranged Weapons
 - Level 2.4 Dodging
 - Level 1.2 Stealth


You had 2 spell levels left.
You didn't know any spells.
Your spell library was empty.

Inventory:

Hand Weapons
 Y - a +0 shortbow of flaming (weapon)
Armour
 d - a +0 ring mail (worn)
Jewellery
 h - a ring of protection from cold (left hand)
 i - a ring of poison resistance (right hand)
Potions
 e - a potion of curing {unknown}
 f - a potion of lignification {unknown}

Dungeon Overview and Level Annotations

Branches:
Dungeon (2/15)

Altars:

Portals:
Ossuary: D:4


Message History

A puff of flame appears from out of thin air!
The puff of flame misses you.
You shoot an arrow. The arrow closely misses the orc.
The orc hits you with a +0 mace.
You shoot an arrow. The arrow barely misses the orc.
Something hits you. The orc hits you with a +0 mace. The orc misses you.
You shoot an arrow. The arrow barely misses the orc.
The orc hits you with a +0 mace. Something hits you but does no damage.
An orc comes into view. It is wielding a +0 hand axe.
The orc hits you but does no damage. Something hits you but does no damage.
The orc hits you but does no damage. The orc closely misses you.
You shoot an arrow. The orc shouts!
The arrow hits the orc.
The arrow burns the orc.
You kill the orc!
The dart slug launches a dart at you. The slug dart hits you.
Something hits you but does no damage. The orc barely misses you.
You have reached level 3!
Your experience leads to an increase in your attributes!
Increase (S)trength, (I)ntelligence, or (D)exterity?
You feel stronger. x2
You shoot an arrow. The arrow hits the orc.
The arrow burns the orc.
The orc is moderately wounded.
Something hits you but does no damage. The orc closely misses you.
You shoot an arrow. The arrow hits the orc!
The arrow burns the orc.
You kill the orc!
Something hits you but does no damage.
The dart slug bites you but does no damage.
You shoot an arrow. The arrow hits the dart slug.
The arrow burns the dart slug.
The dart slug is severely wounded.
Something hits you. Something hits you but does no damage.
The dart slug bites you. The orc barely misses you.
You shoot an arrow. The arrow hits the dart slug.
The arrow burns the dart slug.
The dart slug is almost dead.
Something hits you but does no damage. The orc hits you with a +0 hand axe.
You shoot an arrow. The arrow hits the dart slug!
The arrow burns the dart slug.
You kill the dart slug!
Something hits you but does no damage. The orc hits you with a +0 hand axe.
You die...

## ##. w. .####
#... o. ..#..##
##..##.##.....###
#....#.#........
.......#.......#
....[..o{....##
.......)@.....#
....\.........#
#............###
.#......##.....#
..##.####..##...#
. #. #......## .
#....(### #
..#...## ..###.##


You could see an orc.

Vanquished Creatures
  2 dart slugs
  3 orcs (D:4)
  3 endoplasms (D:1)
  A giant cockroach (D:1)
  2 goblins (D:1)
  6 hobgoblins (D:1)
  A quokka (D:1)
  A bat (D:1)
  2 frilled lizards (D:1)
  A kobold (D:1)
  A rat (D:1)
23 creatures vanquished.

Notes
Turn   | Place    | Note
-------+----------+-------------------------------------------
     0 | D:1      | qw the Deep Elf Hunter began the quest for the Orb.
     0 | D:1      | Reached XP level 1. HP: 12/12 MP: 3/3
     0 | D:1      | 0 ||| qw: Version: 0.3-a-9-g12657ce
     0 | D:1      | 0 ||| qw: Game counter: 2522
     0 | D:1      | 0 ||| qw: Always use a shield: true
     0 | D:1      | 0 ||| qw: God list: Okawaru
     0 | D:1      | 0 ||| qw: Allow faded altars: false
     0 | D:1      | 0 ||| qw: Do Orc after D:15 true
     0 | D:1      | 0 ||| qw: Do second Lair branch before Depths: true
     0 | D:1      | 0 ||| qw: Lair rune preference: random
     0 | D:1      | 0 ||| qw: Plans: Normal
     0 | D:1      | 0 ||| PLANNING D:1-11
    53 | D:1      | Reached skill level 6 in Ranged Weapons
    53 | D:1      | Reached XP level 2. HP: 16/16 MP: 4/4
   589 | D:1      | Found a faded altar of an unknown god.
   592 | D:1      | 592 ||| UPGRADING to +0 ring mail.
   602 | D:1      | 602 ||| DROPPING +0 leather armour.
   603 | D:1      | 603 ||| UPGRADING to ring of protection from cold.
   604 | D:1      | 604 ||| UPGRADING to ring of poison resistance.
   605 | D:1      | 605 ||| READING scroll labelled MAYHUR ANTUIC.
   606 | D:1      | 606 ||| DROPPING scroll of butterflies.
   645 | D:2      | You fall into a shaft and drop 2 floors!
   646 | D:4      | 646 ||| PLANNING OSSUARY
   647 | D:4      | Found a sand-covered staircase.
   652 | D:4      | 652 ||| Stepping ~*~*~tactically~*~*~ (outnumbered).
   662 | D:4      | HP: 4/16 [dart slug/slug dart (2)]
   663 | D:4      | Reached XP level 3. HP: 5/20 MP: 5/5
   666 | D:4      | HP: 1/20 [orc/+0 hand axe (1)]
   667 | D:4      | Slain by an orc

Levels and vault maps discovered:
D:1:      minmay_arrival_hallway, layout_loops_ring,
          dilly_ecumenical_altar_fadedgnrine, st_stairs_11, serial_bayou_pond_e
D:2:      layout_basic, minivault_26, minmay_misc_feat_secret_circle
D:4:      layout_cave_pools, nicolae_qazlal_style_of_elements, elyvilon_altar_3,
          bloody_makhleb, enter_ossuary_1, uniq_pikel

Skill      XL: |  1 |
---------------+----+-----
Ranged Weapons | 6 |  6.6
Fighting       | |  1.5
Dodging        | |  2.4
Stealth        | |  1.2

Action                     || total
---------------------------++-------
   Fire: Shortbow          ||    68
    Use: Scroll            ||     1
 Armour: Ring mail         ||    12
         Leather armour    ||     3
  Dodge: Dodged            ||    18

Table legend:
 A = Non-vault XP
 B = Vault XP
 C = Vault XP percentage of total XP
 D = Non-vault monster count
 E = Vault monster count
 F = Vault count percentage of total count
                 A         B        C        D         E       F
            +---------+---------+-------+---------+---------+-------
      Total |      38 |      10 |  20.8 |      19 |       4 |  17.4
            +---------+---------+-------+---------+---------+-------
        D:1 |      25 |      10 |  28.6 |      15 |       4 |  21.1
        D:4 |      13 |       0 |   0.0 |       4 |       0 |   0.0
            +---------+---------+-------+---------+---------+-------
